 Dungeon Crawl Stone Soup version 0.30-a0-347-gf58ed5266c (webtiles) character file.

Game seed: 13169259320385040944

2571 timneilson the Blocker (level 9, -5/54 HPs)
             Began as a Gargoyle Fighter on Nov 7, 2022.
             Was a Believer of Okawaru.
             Slain by Joseph
             ... wielding a +0 quarterstaff
              (10 damage)
             ... on level 7 of the Dungeon.
             The game lasted 00:13:15 (6416 turns).

timneilson the Blocker (Gargoyle Fighter)           Turns: 6416, Time: 00:13:17

Health: -5/54      AC: 22    Str: 23    XL:     9   Next: 57%
Magic:  11/11      EV:  8    Int: 10    God:    Okawaru [**....]
Gold:   292        SH:  6    Dex:  9    Spells: 8/8 levels left

rFire   + . .      SeeInvis .    a - +0 long sword
rCold   . . .      Faith    .    c - +0 buckler
rNeg    + . .      Spirit   .    m - +3 chain mail {rF+}
rPois   ∞          Reflect  .    n - +0 helmet
rElec   +          Harm     .    (no cloak)
rCorr   +          Rampage  .    t - +0 pair of gloves
Will    .....                    (no boots)
Stlth   ..........               (no amulet)
HPRegen 0.29/turn                h - +4 ring of slaying
MPRegen 0.12/turn                o - ring of resist corrosion

@: on berserk cooldown, hasted and slowed, studying Shields
A: sickness immunity, AC +6, negative energy resistance 1, electricity
resistance, torment resistance 1, petrification resistance
a: Renounce Religion, Heroism


You were on level 7 of the Dungeon.
You worshipped Okawaru.
Okawaru was pleased with you.
You visited 2 branches of the dungeon, and saw 8 of its levels.

You collected 419 gold pieces.
You spent 127 gold pieces at shops.

Inventory:

Hand Weapons
 a - a +0 long sword (weapon)
Armour
 c - a +0 buckler (worn)
 m - a +3 chain mail of fire resistance (worn)
 n - a +0 helmet (worn)
 t - a +0 pair of gloves (worn)
Jewellery
 h - a +4 ring of slaying (left hand)
 o - a ring of resist corrosion (right hand)
Wands
 l - a wand of flame (37)
Scrolls
 b - a scroll of silence
 i - 3 scrolls of teleportation
 k - 3 scrolls of blinking
 p - 3 scrolls of identify
 q - a scroll of enchant armour
 r - a scroll of magic mapping
 s - a scroll of fog
Potions
 d - a potion of magic
 f - a potion of brilliance
 j - 2 potions of haste


   Skills:
 + Level 5.5 Fighting
 * Level 5.6 Long Blades
 * Level 7.2 Armour
 + Level 3.1 Dodging
 * Level 9.9 Shields
 + Level 3.2 Invocations
 + Level 2.7 Evocations


You had 8 spell levels left.
You didn't know any spells.
Your spell library contained the following spells:

 Spells                   Type           Power      Damage    Failure   Level
 Beastly Appendage        Tmut           0%         N/A       96%         1
 Blink                    Tloc           0%         N/A       99%         2
 Momentum Strike          Conj/Tloc      0%         3d8       99%         2
 Wereblood                Tmut           0%         N/A       99%         2
 Ignite Poison            Fire/Tmut/Pois 0%         N/A       100%        3
 Kindle Blastsparks       Fire/Tloc/Air  0%         2d10      100%        3
 Lesser Beckoning         Tloc           0%         N/A       100%        3
 Spider Form              Tmut/Pois      0%         N/A       100%        3
 Freezing Cloud           Conj/Ice/Air   0%         6-21      100%        5
 Orb of Destruction       Conj           0%         9d5       100%        7
 Summon Guardian Golem    Hex/Summ       Unusable   N/A       N/A         3
 Spellforged Servitor     Conj/Summ      Unusable   N/A       N/A         7

Dungeon Overview and Level Annotations

Branches:
Dungeon (7/15)             Temple (1/1) D:4

Altars:
Ashenzari
Dithmenos
Elyvilon
Fedhas
Gozag
Hepliaklqana
Kikubaaqudgha
Makhleb
Nemelex Xobeh
Okawaru
Sif Muna
Trog
Uskayaw
Vehumet
Wu Jian
Xom
Yredelemnul
Zin
The Shining One

Shops:
D:1 [   D:3 :   D:5 !

Annotations:
D:5 3 runed translucent doors, sirJeffrey23's ghost, novice FoFi
D:7 Joseph


Innate Abilities, Weirdness & Mutations

You are immune to sickness and miasma.
Your stone body is resilient. (AC +6)
You are immune to poison.
You resist negative energy. (rN+)
You are resistant to electric shocks. (rElec)
You are resistant to unholy torment.
You are immune to petrification.


Message History

Joseph hits you with a +0 quarterstaff!
* * * LOW HITPOINT WARNING * * *
You feel better. The orc warrior barely misses you.
The orc hits you but does no damage. The orc barely misses you.
Joseph hits you but does no damage.
You feel better.
The orc warrior hits you with a +0 glaive.
* * * LOW HITPOINT WARNING * * *
The orc hits you but does no damage. The orc hits you with a +0 short sword.
* * * LOW HITPOINT WARNING * * *
Joseph hits you with a +0 quarterstaff!
* * * LOW HITPOINT WARNING * * *
You feel better. The orc warrior completely misses you.
The orc hits you but does no damage. You block the orc's attack.
Joseph hits you but does no damage.
You completely miss Joseph.
Joseph is almost dead.
The orc warrior hits you but does no damage.
The orc closely misses you. The orc hits you but does no damage.
Joseph says, "You will never get the ORB, sorry."
You block Joseph's attack.
Unknown command.
You slash Joseph!
Joseph is almost dead.
The orc warrior hits you with a +0 glaive.
* * * LOW HITPOINT WARNING * * *
The orc hits you with a +0 trident.
* * * LOW HITPOINT WARNING * * *
You block the orc's attack. Joseph hits you but does no damage.
You feel better. You block the orc warrior's attack. The orc misses you.
The orc hits you with a +0 short sword.
* * * LOW HITPOINT WARNING * * *
Joseph closely misses you.
You closely miss Joseph.
Joseph is almost dead.
The orc warrior hits you with a +0 glaive!
* * * LOW HITPOINT WARNING * * *
The orc hits you but does no damage. You block the orc's attack.
Joseph hits you with a +0 quarterstaff!
You die...

##### ### #...## ##.#
#....# #..#####..###
#...##....## #.).###....##
###.o# ##....####
##.@@#####.......# #
##..oo............###. # #
#..................#.. ..#.
#.....................
.....###.###........#...###
#........§##.......###.##
........#####...........###
..........#...............#
....:..##..................


You could see Joseph, an orc warrior and 2 orcs.

Vanquished Creatures
  A wyvern (D:7)
  Sigmund (D:5)
  Eustachio (D:3)
  Edmund (D:4)
  A water moccasin (D:6)
  An ice beast (D:5)
  2 black bears
  2 centaurs
  2 phantoms
  2 kobold brigands (D:3)
  2 necrophages
  2 bullfrogs
  A scorpion (D:6)
  6 killer bees (D:7)
  2 hounds
  4 orc priests
  5 iguanas
  2 orc wizards (D:6)
  Robin (D:3)
  8 gnolls
  7 adders
  3 dart slugs
  12 orcs
  A ball python (D:1)
  5 endoplasms
  4 giant cockroaches
  9 hobgoblins
  12 kobolds
  5 quokkas
  3 bats
  3 frilled lizards
  16 goblins
  3 rats
130 creatures vanquished.

Notes
Turn   | Place    | Note
-------+----------+-------------------------------------------
     0 | D:1      | timneilson the Gargoyle Fighter began the quest for the
                  | Orb.
     0 | D:1      | Reached XP level 1. HP: 14/14 MP: 1/1
    95 | D:1      | Found Raociuw's Antique Armour Shop.
   133 | D:1      | Reached XP level 2. HP: 19/19 MP: 2/2
   636 | D:2      | Reached XP level 3. HP: 22/23 MP: 3/3
   654 | D:2      | Reached skill level 4 in Shields
  1333 | D:3      | Reached XP level 4. HP: 28/28 MP: 4/4
  1422 | D:3      | Found Kyskun's Book Emporium.
  1559 | D:1      | Bought a shiny chain mail for 127 gold pieces
  2065 | D:3      | Noticed a kobold brigand
  2094 | D:3      | Killed a kobold brigand
  2095 | D:3      | Reached skill level 1 in Dodging
  2095 | D:3      | Reached skill level 5 in Shields
  2095 | D:3      | Reached XP level 5. HP: 28/33 MP: 5/5
  2122 | D:3      | Noticed a kobold brigand
  2144 | D:3      | Killed a kobold brigand
  2145 | D:3      | Reached XP level 6. HP: 27/38 MP: 6/6
  2356 | D:4      | Noticed Robin
  2397 | D:4      | Noticed Eustachio
  2417 | D:3      | Killed Robin
  2467 | D:3      | Killed Eustachio
  2468 | D:3      | Reached skill level 5 in Armour
  2468 | D:3      | Reached skill level 6 in Shields
  2628 | D:4      | Reached XP level 7. HP: 37/43 MP: 7/7
  2782 | D:4      | Found a staircase to the Ecumenical Temple.
  2791 | Temple   | Entered the Ecumenical Temple
  3087 | Temple   | Became a worshipper of Warmaster Okawaru
  3370 | D:4      | Noticed Edmund
  3399 | D:4      | Killed Edmund
  3400 | D:4      | Reached skill level 7 in Shields
  3754 | D:5      | Entered Level 5 of the Dungeon
  3768 | D:5      | Reached skill level 1 in Invocations
  3776 | D:5      | Found Wewanerr's Distillery.
  3798 | D:5      | Reached skill level 1 in Evocations
  3977 | D:5      | Reached * piety under Okawaru
  3978 | D:5      | Reached XP level 8. HP: 43/48 MP: 8/8
  4298 | D:5      | Noticed Sigmund
  4331 | D:5      | Killed Sigmund
  4421 | D:5      | Found an ornate altar of the Wu Jian Council.
  4430 | D:5      | Found a white marble altar of Elyvilon.
  4636 | D:5      | Found a runed translucent gate.
  4637 | D:5      | Found a runed translucent gate.
  4638 | D:5      | Found a runed translucent gate.
  4640 | D:5      | Noticed sirJeffrey23's ghost (novice FoFi)
  4998 | D:6      | Reached skill level 8 in Shields
  5303 | D:6      | Reached ** piety under Okawaru
  5304 | D:6      | Reached skill level 5 in Fighting
  5593 | D:6      | Reached skill level 5 in Long Blades
  5623 | D:6      | Reached XP level 9. HP: 54/54 MP: 10/10
  5628 | D:6      | Reached skill level 9 in Shields
  5776 | D:6      | Found an ancient bone altar of Kikubaaqudgha.
  6360 | D:7      | Noticed Joseph
  6408 | D:7      | HP: 2/54 [orc/+0 short sword (3)]
  6416 | D:7      | Slain by Joseph

Illustrated notes

Levels and vault maps discovered:
D:1:      elethiomel_arrival_infinity_welcomes_careful_drivers, layout_rooms,
          serial_shops, nicolae_shop_waterfront
D:2:      layout_basic
D:3:      cheibrodos_thug_alley, layout_basic, serial_shops, shop
D:4:      layout_loops_ring, temple_doors_cd, chequers_serial_rivers_micro_b,
          uniq_edmund, uniq_eustachio, uniq_robin
D:5:      layout_basic, jmf_multi_god_temple, gammafunk_ghost_nasty_kobolds,
          serial_shops, nicolae_shop_trees, corexii_leaking_fountain,
          serial_bayou_pond_a, kennysheep_flooded_box, uniq_sigmund
D:6:      hellmonk_destroyed_diamonds, layout_rooms, lemuel_round_altar
D:7:      layout_cave_pools, serial_shops, kennysheep_mini_moat,
          grunt_decor_clamped, moated_statue, uniq_joseph
Temple:   minmay_temple_bridge_d

Skill      XL: |  1  2  3  4  5  6  7  8  9 |
---------------+----------------------------+-----
Long Blades    | 2 3 4 5 |  5.6
Shields        | 4 5 6 7 8 9 |  9.9
Armour         | 4 5 6 7 |  7.2
Dodging        | 1 2 3 |  3.1
Fighting       | 4 5 |  5.5
Invocations    | 1 2 3 |  3.2
Evocations     | 1 2 |  2.7

Action                   |  1- 3 |  4- 6 |  7- 9 || total
-------------------------+-------+-------+-------++-------
Melee: Long sword        |    83 |   113 |   406 ||   602
Invok: Heroism           |       |       |     1 ||     1
Evoke: Wand              |       |       |     2 ||     2
  Use: Scroll            |     7 |     2 |     8 ||    17
       Potion            |       |     1 |    11 ||    12
Armor: Scale mail        |    44 |       |       ||    44
       Chain mail        |     8 |   170 |   363 ||   541
Dodge: Dodged            |    50 |    90 |   204 ||   344
Block: Buckler           |    33 |    48 |   160 ||   241

Table legend: (Time is in decaauts)
 A = Elapsed time spent in this place.
 B = Non-inter-level travel time spent in this place.
 C = Inter-level travel time spent in this place.
 D = Time resting spent in this place.
 E = Time spent auto-exploring this place.
 F = Levels seen in this place.
 G = Mean time per level.
                   A        B        C        D        E       F      G
               +--------+--------+--------+--------+--------+-----+--------+
         Total |   6552 |   6010 |    542 |    155 |   4275 |   8 |  819.0 |
       Dungeon |   6183 |   5786 |    397 |    155 |   4063 |   7 |  883.3 |
        Temple |    368 |    223 |    145 |      0 |    212 |   1 |  368.0 |
               +--------+--------+--------+--------+--------+-----+--------+

Top non-repeatable levels by time:
     D:3: 1232 daAuts
     D:5: 1196 daAuts
     D:6: 904 daAuts
     D:4: 812 daAuts
     D:2: 767 daAuts
     D:1: 664 daAuts
     D:7: 607 daAuts
  Temple: 368 daAuts
